Map: New Richmond

Players

Loken - Winner!

  • Race: Zerg Zerg
  • League: Platinum
  • Spawn Location: 12:00

Myran - Winner!

  • Race: Protoss Protoss
  • Spawn Location: 11:00

dallaskuken - Winner!

  • Race: Protoss Protoss
  • League: Platinum
  • Spawn Location: 3:00

revol

  • Race: Terran Terran
  • Spawn Location: 7:00

Petzku

  • Race: Terran Terran
  • Spawn Location: 5:00

Dentosal

  • Race: Terran Terran
  • League: Diamond
  • Spawn Location: 6:00

VOD

Have the link to the VOD?

Description

Time

  • Played on: April 5, 2017, 5:43 p.m.
  • Length: 16:26
Show
View Real Time Build Order
Export as new Build Order

Loken Zerg - Winner!

Build Orders: Pool First 

Get SALT Encoding   

  12  0:01  Drone  
  13  0:09  Drone  
  14  0:27  Spawning Pool  
  13  0:31  Drone  
  14  0:38  Overlord  
  14  0:57  Drone x2  
  14  0:58  Drone  
  14  1:03  Extractor  
  16  1:12  Drone  
  17  1:22  Queen  
  19  1:34  Hatchery  
  19  1:36  Zergling x2  
  19  1:37  Zergling x2  
  20  1:41  Drone  
  21  1:51  Overlord  
  21  2:10  Queen  
  21  2:13  Drone  
  24  2:35  Zergling x2  
  24  2:36  Zergling x4  
  27  2:37  Metabolic Boost  
  26  3:06  Queen  
  26  3:09  Drone x3  
  31  3:23  Drone  
  31  3:24  Drone x3  
  35  3:37  Overlord  
  35  3:38  Overlord  
  34  4:00  Drone x3  
  37  4:04  Zergling x2  
  37  4:05  Zergling x10  
  43  4:29  Drone  
  43  4:30  Drone x3  
  47  4:35  Drone  
  47  4:36  Drone x2  
  50  4:43  Extractor, Roach Warren  
  48  4:48  Overlord x3  
  48  5:00  Drone x3  
  51  5:07  Hatchery  
  50  5:17  Lair  
  50  5:24  Roach  
  50  5:25  Roach x7  
  66  5:29  Spore Crawler  
  66  5:33  Spore Crawler  
  64  5:39  Roach x2  
  68  6:05  Roach x3  
  68  6:06  Overlord  
  68  6:07  Overlord x4  
  74  6:15  Glial Reconstitution  
  74  6:22  Drone x6, Extractor  
  74  6:24  Extractor  
  78  6:46  Drone  
  78  6:47  Drone x7  
  84  6:52  Roach x2  
  90  7:06  Roach x4  
  90  7:07  Roach x2  
  102  7:22  Roach  
  104  7:23  Roach x8  
  104  7:29  Overlord  
  120  7:30  Overlord x4  
  120  7:38  Evolution Chamber  
  120  7:40  Evolution Chamber  
  120  7:41  Evolution Chamber  
  117  7:45  Infestation Pit  
  115  8:21  Roach  
  115  8:22  Roach x14  
  144  8:33  Extractor  
  143  8:36  Extractor  
  142  8:46  Tunneling Claws  
  142  8:49  Burrow  
  142  8:52  Drone x2  
  142  8:53  Drone x6  
  150  9:09  Hydralisk Den  
  149  9:11  Zerg Ground Armor Level 1  
  149  9:13  Zerg Missile Weapons Level 1  
  149  9:21  Overlord  
  149  9:22  Overlord x3  
  149  9:45  Ravager x3  
  150  9:46  Ravager x7  
  159  10:00  Muscular Augments  
  159  10:16  Roach x35  
  89  10:56  Roach  
  95  10:57  Roach x15  
  95  10:58  Roach x12  
  145  11:08  Zerg Ground Armor Level 2  
  145  11:28  Drone x11  
  96  13:19  Zergling x2  
  97  13:20  Zergling x36  
  97  13:21  Zergling x32  
  62  14:11  Hydralisk x6  
  62  14:12  Hydralisk x3  
  80  14:34  Hatchery, Hive  
  80  14:35  Hatchery  
  78  14:38  Hatchery  
  77  14:46  Lurker Den  
  73  15:08  Hydralisk  
  73  15:09  Hydralisk x16  
Show
View Real Time Build Order
Export as new Build Order

Myran Protoss - Winner!

Build Orders:  

Get SALT Encoding   

  12  0:02  Probe (Chrono Boost)  
  13  0:12  Probe (Chrono Boost)  
  14  0:21  Pylon  
  14  0:23  Probe (Chrono Boost)  
  15  0:39  Probe (Chrono Boost)  
  16  0:42  Gateway  
  16  0:49  Probe (Chrono Boost)  
  17  0:52  Assimilator  
  17  1:00  Probe (Chrono Boost)  
  18  1:12  Probe (Chrono Boost)  
  19  1:22  Probe (Chrono Boost)  
  20  1:29  Pylon  
  20  1:33  Cybernetics Core, Probe (Chrono Boost)  
  20  1:37  Assimilator  
  21  1:43  Zealot  
  23  1:48  Probe (Chrono Boost)  
  23  1:53  Pylon  
  24  1:58  Probe (Chrono Boost)  
  25  2:06  Gateway  
  25  2:09  Probe (Chrono Boost)  
  25  2:10  Warp Gate  
  26  2:26  Probe (Chrono Boost)  
  26  2:28  Forge  
  27  2:39  Stalker  
  27  2:59  Stalker  
  27  3:01  Probe (Chrono Boost)  
  30  3:20  Stalker  
  32  3:30  Photon Cannon  
  32  3:36  Photon Cannon  
  32  3:41  Probe (Chrono Boost)  
  32  3:55  Probe (Chrono Boost)  
  33  4:06  Probe (Chrono Boost)  
  33  4:09  Nexus  
  34  4:12  Pylon  
  34  4:21  Probe (Chrono Boost)  
  34  4:22  Photon Cannon  
  34  4:24  Stalker, Zealot  
  37  4:27  Pylon  
  39  4:35  Probe (Chrono Boost)  
  40  4:44  Twilight Council  
  40  4:49  Stalker, Zealot  
  44  4:54  Probe (Chrono Boost)  
  45  5:05  Robotics Facility, Probe (Chrono Boost)  
  46  5:09  Pylon  
  46  5:15  Probe (Chrono Boost)  
  47  5:26  Probe (Chrono Boost)  
  48  5:29  Probe (Chrono Boost)  
  49  5:36  Probe (Chrono Boost)  
  49  5:40  Probe (Chrono Boost)  
  51  5:45  Blink  
  51  5:47  Probe (Chrono Boost)  
  52  5:50  Probe (Chrono Boost)  
  52  5:51  Photon Cannon  
  53  5:57  Probe (Chrono Boost)  
  53  5:59  Photon Cannon  
  53  6:01  Probe (Chrono Boost)  
  53  6:03  Observer  
  56  6:07  Zealot x2  
  60  6:27  Probe (Chrono Boost)  
  60  6:31  Assimilator  
  61  6:34  Stalker, Nexus  
  61  6:35  Stalker, Assimilator  
  61  6:38  Probe (Chrono Boost)  
  60  7:16  Pylon  
  60  7:17  Immortal  
  60  7:18  Stalker x2  
  69  7:22  Probe (Chrono Boost)  
  69  7:28  Probe (Chrono Boost)  
  70  7:34  Probe (Chrono Boost)  
  70  7:36  Assimilator  
  71  7:38  Assimilator  
  71  7:39  Probe (Chrono Boost)  
  71  7:42  Pylon  
  72  7:45  Probe (Chrono Boost)  
  72  7:46  Pylon  
  72  7:48  Pylon  
  72  7:49  Probe (Chrono Boost)  
  74  7:52  Photon Cannon  
  74  7:55  Photon Cannon, Zealot  
  74  7:56  Zealot  
  74  7:57  Photon Cannon  
  78  7:59  Pylon  
  78  8:00  Immortal  
  78  8:03  Charge  
  82  8:09  Photon Cannon  
  82  8:29  Probe (Chrono Boost)  
  83  8:39  Pylon  
  83  8:40  Probe (Chrono Boost)  
  84  8:42  Pylon  
  84  8:50  Probe (Chrono Boost)  
  85  8:57  Probe (Chrono Boost)  
  85  9:01  Probe (Chrono Boost)  
  87  9:03  Protoss Ground Weapons Level 1  
  87  9:12  Photon Cannon, Probe (Chrono Boost)  
  87  9:14  Photon Cannon  
  87  9:16  Stalker x2  
  92  9:22  Probe (Chrono Boost)  
  92  9:24  Gateway  
  93  9:25  Gateway  
  93  9:29  Immortal  
  98  9:43  Pylon  
  97  9:49  Pylon  
  97  9:51  Stalker x2, Pylon  
  101  10:09  Immortal  
  105  10:19  Stalker, Zealot  
  109  10:28  Stalker, Zealot  
  113  10:45  Protoss Shields Level 1  
  113  10:48  Immortal  
  115  10:57  Zealot x3  
  115  10:59  Zealot  
  115  11:04  Probe (Chrono Boost)  
  124  11:14  Probe (Chrono Boost)  
  125  11:25  Stalker x3, Probe (Chrono Boost)  
  130  11:26  Stalker  
  134  11:36  Robotics Bay  
  134  11:43  Immortal  
  122  12:22  Immortal  
  111  12:25  Protoss Ground Armor Level 1  
  111  12:31  Stalker x2  
  111  12:32  Stalker x2  
  119  13:01  Immortal  
  123  13:39  Stalker  
  123  13:40  Stalker x3, Immortal  
  135  14:01  Protoss Ground Weapons Level 2  
  135  14:04  Stalker x3  
  135  14:05  Stalker  
  135  14:06  Nexus  
  143  14:20  Immortal  
  147  14:29  Zealot x4  
  155  14:46  Forge  
  155  14:59  Immortal  
  159  15:04  Zealot  
  159  15:05  Zealot x2  
Show
View Real Time Build Order
Export as new Build Order

dallaskuken Protoss - Winner!

Build Orders:  

Get SALT Encoding   

  12  0:01  Probe (Chrono Boost)  
  13  0:13  Probe (Chrono Boost)  
  14  0:20  Pylon  
  14  0:24  Probe (Chrono Boost)  
  15  0:38  Probe (Chrono Boost)  
  15  0:40  Gateway  
  16  0:54  Gateway  
  16  0:59  Probe (Chrono Boost)  
  16  1:03  Assimilator  
  17  1:05  Assimilator  
  17  1:10  Probe (Chrono Boost)  
  18  1:20  Probe (Chrono Boost)  
  19  1:29  Cybernetics Core  
  19  1:30  Pylon  
  19  1:32  Probe (Chrono Boost)  
  20  1:43  Probe (Chrono Boost)  
  21  1:53  Probe (Chrono Boost)  
  22  2:04  Stalker, Probe (Chrono Boost)  
  22  2:05  Stalker  
  22  2:07  Warp Gate  
  27  2:14  Probe (Chrono Boost)  
  28  2:18  Pylon  
  28  2:25  Mothership Core (Chrono Boost)  
  30  2:45  Stalker x2  
  34  2:56  Gateway  
  34  2:59  Gateway  
  34  3:25  Pylon  
  32  4:58  Stalker x4  
  34  5:21  Nexus  
  34  5:22  Robotics Facility  
  34  5:24  Robotics Facility, Sentry x2, Pylon  
  34  5:25  Pylon  
  38  5:30  Zealot x2  
  42  5:50  Pylon  
  42  5:52  Pylon  
  42  5:54  Pylon  
  40  6:24  Stalker x3  
  40  6:25  Stalker  
  48  6:27  Immortal  
  48  6:28  Immortal  
  48  6:32  Probe (Chrono Boost)  
  57  6:34  Probe (Chrono Boost)  
  58  6:43  Probe (Chrono Boost)  
  59  6:53  Probe (Chrono Boost)  
  60  7:04  Probe (Chrono Boost)  
  57  7:28  Probe (Chrono Boost)  
  58  7:31  Assimilator  
  58  7:33  Probe (Chrono Boost)  
  58  7:35  Assimilator  
  59  7:39  Probe (Chrono Boost)  
  59  7:44  Probe (Chrono Boost)  
  61  7:49  Probe (Chrono Boost)  
  62  7:54  Probe (Chrono Boost)  
  62  7:56  Immortal  
  62  7:57  Immortal  
  71  7:59  Twilight Council  
  71  8:00  Probe (Chrono Boost)  
  72  8:06  Stalker x3  
  72  8:07  Stalker  
  72  8:10  Probe (Chrono Boost)  
  61  9:06  Immortal x2  
  69  9:11  Blink  
  69  9:19  Stalker x4  
  77  9:24  Gateway  
  77  9:26  Gateway  
  77  9:27  Gateway  
  77  9:46  Nexus  
  77  9:54  Pylon  
  77  9:56  Pylon  
  77  10:16  Forge  
  77  10:26  Stalker x2  
  77  10:27  Stalker x2  
  85  10:33  Observer  
  86  10:39  Warp Prism  
  88  10:47  Stalker x2  
  92  11:09  Assimilator  
  92  11:11  Assimilator  
  92  11:13  Probe (Chrono Boost)  
  93  11:36  Zealot x4  
  93  11:37  Zealot x3  
  93  12:32  Stalker x4  
  62  13:08  Zealot  
  62  13:09  Zealot x3  
  68  13:34  Pylon  
  68  13:36  Pylon  
  62  14:14  Stalker x3  
  68  14:18  Immortal  
  68  14:21  Pylon  
  68  14:23  Pylon  
  53  15:11  Stalker x4  
  53  15:12  Stalker x2  
  51  15:37  Stalker x3  
  51  15:38  Stalker x3  
  41  16:01  Stalker x3  
  41  16:02  Stalker  
Show
View Real Time Build Order
Export as new Build Order

revol Terran 

Build Orders: MMM Bio 

Get SALT Encoding   

  12  0:01  SCV  
  13  0:14  SCV  
  14  0:17  Supply Depot  
  14  0:26  SCV  
  15  0:39  SCV  
  15  0:40  Barracks  
  16  0:49  Refinery  
  16  0:51  SCV  
  17  1:03  SCV  
  18  1:15  SCV  
  19  1:27  SCV  
  20  1:33  Reaper  
  20  1:34  Command Center  
  22  1:40  SCV  
  22  1:44  Supply Depot  
  22  1:52  SCV  
  23  2:04  Orbital Command  
  23  2:12  Barracks Reactor  
  23  2:27  Refinery  
  23  2:32  Factory  
  23  2:35  SCV  
  24  2:47  SCV  
  25  2:58  SCV  
  26  2:59  SCV  
  27  3:10  SCV  
  27  3:11  SCV  
  29  3:20  Marine x2  
  29  3:22  SCV  
  29  3:24  SCV  
  33  3:34  SCV  
  33  3:38  Marine x2  
  36  3:43  SCV  
  36  3:46  SCV  
  37  3:52  Factory Tech Lab  
  37  3:55  SCV  
  38  3:56  Starport, Marine x2  
  38  3:58  SCV  
  41  4:03  Supply Depot  
  41  4:07  Refinery, SCV  
  42  4:10  Orbital Command  
  42  4:18  Barracks  
  42  4:19  SCV  
  42  4:23  Barracks  
  43  4:26  Barracks  
  43  4:31  SCV  
  43  4:35  Refinery  
  43  4:36  Marine  
  45  4:39  Starport Reactor  
  45  4:40  Siege Tank  
  45  4:43  SCV, Marine  
  50  4:53  SCV, Engineering Bay x2  
  50  4:55  SCV  
  52  5:01  Marine  
  52  5:05  SCV  
  54  5:08  Supply Depot x2  
  54  5:18  Command Center  
  54  5:24  Barracks Reactor, Barracks Tech Lab  
  54  5:25  Barracks Reactor  
  54  5:29  SCV x2, Siege Tank  
  54  5:32  Supply Depot  
  54  5:34  Supply Depot  
  59  5:36  Medivac x2  
  59  5:37  Marine x2  
  59  5:40  Terran Infantry Weapons Level 1  
  59  5:41  SCV x2, Terran Infantry Armor Level 1  
  67  5:54  Missile Turret x2  
  67  5:56  Missile Turret  
  67  5:57  SCV x2  
  67  5:59  Marine x2  
  67  6:00  Marine  
  67  6:02  Stimpack  
  72  6:07  Marine x4  
  72  6:09  SCV x2  
  78  6:15  Missile Turret  
  78  6:18  Marine x3  
  79  6:21  SCV x2  
  79  6:24  Armory  
  79  6:25  Marine x3  
  86  6:30  Marine  
  87  6:33  SCV x2  
  87  6:35  Supply Depot  
  87  6:36  Marine, Supply Depot  
  87  6:38  Supply Depot  
  84  7:05  SCV x2  
  85  7:17  SCV  
  84  7:30  Marine x5  
  84  7:31  Marine x2  
  91  7:41  Terran Vehicle And Ship Armor Level 1, Barracks x2  
  91  7:42  Barracks  
  91  7:43  Barracks  
  91  7:44  Siege Tank  
  94  8:02  Combat Shields  
  94  8:07  SCV  
  94  8:08  SCV  
  94  8:10  Planetary Fortress  
  94  8:11  Marine  
  94  8:12  Marine x2  
  99  8:13  Marine x4  
  99  8:16  Siege Tank  
  96  8:29  Marine  
  96  8:30  Marine x6  
  96  8:31  Marine  
  96  8:33  Barracks Reactor  
  104  8:34  Barracks Reactor x2  
  104  8:44  SCV  
  104  8:45  SCV  
  104  8:47  Marine x2  
  104  8:48  Marine x3, Siege Tank  
  105  8:56  SCV  
  99  9:05  Marine  
  99  9:06  Marine x6  
  99  9:09  Marine x4  
  107  9:10  Marine x2  
  107  9:12  Barracks Reactor  
  107  9:15  Medivac x2  
  116  9:19  Starport  
  116  9:20  Siege Tank  
  116  9:21  Starport  
  116  9:23  Marine x4  
  116  9:24  Marine x2  
  124  9:26  Factory  
  124  9:27  Factory  
  124  9:29  Terran Infantry Armor Level 2  
  125  9:31  Refinery  
  125  9:34  Refinery  
  125  9:44  Supply Depot  
  125  9:46  Supply Depot  
  125  9:47  Supply Depot  
  125  9:48  Terran Infantry Weapons Level 2  
  125  9:52  Marine, Medivac x2  
  125  9:53  SCV x3, Marine  
  125  9:59  Starport Reactor  
  134  10:05  SCV x3  
  134  10:06  Marine  
  138  10:07  Marine x5  
  138  10:12  Supply Depot  
  138  10:13  Supply Depot  
  143  10:17  SCV x3  
  146  10:25  Marine  
  146  10:26  Command Center  
  146  10:27  Factory Tech Lab x2  
  147  10:29  SCV x3, Starport Reactor  
  147  10:30  Medivac  
  147  10:31  Medivac  
  147  10:32  Marine  
  147  10:33  Marine  
  127  10:55  Marine  
  127  10:56  Marine x8  
  136  11:00  Medivac  
  138  11:08  SCV x2  
  140  11:12  Marine x3  
  140  11:13  Siege Tank x2  
  140  11:14  Siege Tank  
  152  11:20  Supply Depot  
  152  11:23  Supply Depot  
  152  11:24  Supply Depot  
  152  11:30  Command Center  
  152  11:38  SCV x3  
  155  11:42  Marine  
  155  11:43  Marine x4  
  155  11:45  Siege Tank  
  130  12:15  Marine x8  
  113  12:16  Marine  
Show
View Real Time Build Order
Export as new Build Order

Petzku Terran 

Build Orders: Reaper Expand 

Get SALT Encoding   

  12  0:02  SCV  
  13  0:14  SCV  
  13  0:20  Supply Depot  
  14  0:26  SCV  
  15  0:42  SCV  
  16  0:44  Barracks  
  16  0:54  SCV  
  16  0:55  Refinery  
  17  1:06  SCV  
  19  1:18  SCV  
  19  1:31  Orbital Command  
  19  1:38  Reaper  
  20  1:51  Command Center  
  20  1:57  SCV  
  21  2:09  Refinery  
  21  2:18  SCV  
  22  2:25  Barracks Reactor  
  22  2:31  SCV  
  22  2:36  Factory  
  23  2:53  Supply Depot  
  23  3:03  SCV  
  25  3:15  SCV  
  25  3:27  Factory Tech Lab  
  25  3:54  Barracks x2  
  21  4:03  Siege Tank  
  21  4:04  Marine x2  
  23  4:43  Marine x3  
  17  5:10  Siege Tank  
  17  5:14  Barracks Reactor x2  
  20  5:22  Barracks  
  20  5:42  Siege Tank  
  23  5:44  SCV  
  24  5:56  SCV  
  25  6:09  SCV  
  25  6:11  Orbital Command  
  26  6:14  Supply Depot  
  26  6:20  Barracks Tech Lab  
  26  6:27  Starport  
  26  6:33  Barracks  
  26  6:44  SCV  
  26  6:45  SCV  
  28  6:50  Marine x4  
  28  6:51  Marine x2  
  28  6:52  Marine  
  35  6:56  SCV  
  35  7:00  Combat Shields  
  36  7:26  Barracks Tech Lab  
  36  7:27  Barracks Reactor  
  36  7:28  Starport Reactor  
  32  7:54  Marine  
  32  7:55  Marine x5  
  32  7:58  Siege Tank  
  41  8:06  Marine x2  
  41  8:07  Marine  
  41  8:09  Medivac  
  46  8:15  Refinery  
  46  8:19  Refinery, Stimpack  
  46  8:24  Supply Depot x2  
  46  8:46  SCV x2, Siege Tank  
  51  8:51  Marine x5  
  51  8:52  Marine x4  
  60  8:57  Supply Depot  
  60  8:58  SCV x2  
  62  9:17  Supply Depot  
  62  9:19  SCV x2, Marine x6  
  70  9:38  SCV x2, Medivac x2  
  70  9:40  Supply Depot  
  76  9:51  SCV  
  77  9:58  Command Center  
  77  10:05  Supply Depot  
  77  10:08  Medivac  
  79  10:27  SCV x2  
  81  10:39  SCV x2  
  81  10:41  Engineering Bay  
  83  10:46  Engineering Bay  
  83  10:51  SCV x2  
  85  11:16  Marine x4  
  85  11:17  Marine x3  
  85  11:18  Marine x2  
  94  11:26  Supply Depot  
  94  11:27  Supply Depot  
  94  11:28  Terran Infantry Weapons Level 1  
  94  11:29  Supply Depot  
  94  11:34  Marine, Terran Infantry Armor Level 1  
  45  13:17  Marine x2  
  45  13:18  Marine x7  
  54  13:25  Medivac  
  56  13:33  Armory  
  56  13:35  Marine x3  
  56  13:36  Marine x6  
  61  13:53  Marine x3  
  61  13:54  Marine x6, Siege Tank  
  61  13:55  Medivac  
  75  14:11  Marine  
  76  14:22  SCV x2  
  78  14:25  Medivac  
  78  14:26  Siege Tank  
  83  14:34  SCV x2  
  85  14:44  Marine x2  
  85  14:45  Marine x7  
  94  14:46  SCV x2  
  96  14:55  Medivac  
  96  14:58  SCV x2  
  100  15:02  Marine x7  
  107  15:25  Medivac  
Show
View Real Time Build Order
Export as new Build Order

Dentosal Terran 

Build Orders: Reaper Expand 

Get SALT Encoding   

  12  0:00  SCV  
  13  0:13  SCV  
  14  0:20  Supply Depot  
  14  0:25  SCV  
  15  0:42  SCV  
  16  0:43  Barracks  
  16  0:46  Refinery  
  16  0:57  SCV  
  17  1:09  SCV  
  18  1:21  SCV  
  19  1:35  Reaper  
  19  1:36  Command Center  
  20  1:43  Orbital Command  
  20  1:59  Engineering Bay  
  20  2:14  Reaper  
  21  2:19  SCV  
  21  2:21  Supply Depot  
  22  2:30  Refinery  
  22  2:31  SCV  
  23  2:44  SCV, Factory  
  24  2:56  SCV  
  25  3:10  Refinery  
  25  3:13  Planetary Fortress  
  25  3:35  SCV  
  25  3:36  Factory Tech Lab  
  26  3:44  Barracks Reactor  
  25  3:56  SCV x2  
  27  4:06  Siege Tank  
  27  4:08  SCV x2  
  32  4:20  SCV x2  
  32  4:21  Marine x2  
  36  4:28  Missile Turret  
  35  4:31  Missile Turret  
  35  4:32  SCV x2  
  35  4:34  Refinery  
  35  4:38  Marine, Siege Tank  
  40  4:39  Marine  
  40  4:44  SCV  
  40  4:45  SCV  
  44  4:53  Terran Infantry Weapons Level 1  
  44  4:57  SCV x2  
  44  5:09  SCV x2  
  46  5:32  Supply Depot x2  
  46  5:43  Supply Depot  
  46  5:44  Supply Depot x2  
  46  5:45  Supply Depot  
  46  5:47  Supply Depot  
  46  5:49  Starport  
  46  5:54  SCV x2, Marine x2, Siege Tank  
  53  5:57  Supply Depot  
  53  6:06  SCV x2  
  54  6:18  SCV x2  
  54  6:23  Marine x2  
  57  6:26  Siege Tank  
  57  6:30  SCV x2  
  62  6:33  Barracks  
  62  6:41  Marine x2  
  62  6:42  SCV x2  
  62  6:46  Starport Reactor  
  66  6:56  Terran Infantry Armor Level 1  
  66  7:02  SCV x2  
  66  7:03  Armory  
  66  7:07  Siege Tank, Supply Depot  
  71  7:14  SCV x2  
  73  7:20  Marine x2  
  73  7:22  Barracks Tech Lab  
  75  7:25  Medivac x2  
  75  7:26  SCV  
  80  7:37  Factory  
  80  7:38  Marine  
  80  7:39  Siege Tank  
  84  8:00  Marine x2  
  84  8:03  Liberator x2, Marine, Combat Shields  
  87  8:15  Siege Tank  
  87  8:18  Marine x2  
  92  8:20  Marine  
  92  8:24  Factory Reactor  
  92  8:26  Command Center  
  99  8:30  Barracks x2  
  99  8:35  Marine  
  99  8:36  Marine  
  99  8:38  Marine  
  102  8:45  Barracks, Supply Depot  
  102  8:46  Supply Depot  
  102  8:47  Supply Depot  
  102  8:50  Barracks  
  102  8:53  Marine x2  
  104  8:56  Marine  
  105  9:08  Supply Depot  
  105  9:11  Marine x2  
  105  9:14  Marine  
  108  9:25  Barracks Reactor  
  108  9:28  Terran Vehicle Weapons Level 1  
  108  9:29  Marine x2  
  108  9:30  Terran Infantry Weapons Level 2  
  110  9:31  Barracks Reactor, Medivac x2  
  110  9:32  Marine  
  115  9:41  Planetary Fortress  
  115  9:47  Marine  
  116  9:53  SCV x2, Missile Turret  
  116  9:56  Barracks Reactor  
  116  9:57  Barracks Reactor  
  116  9:59  Marine x2  
  120  10:01  Medivac x2  
  120  10:04  Marine  
  120  10:05  SCV  
  126  10:08  Siege Tank  
  126  10:12  Widow Mine, Supply Depot x2  
  131  10:16  Supply Depot  
  131  10:17  Marine x5  
  136  10:22  Marine  
  136  10:23  Stimpack  
  137  10:29  SCV x2  
  137  10:30  SCV, Refinery  
  137  10:35  Marine x2  
  142  10:40  Marine, Siege Tank  
  136  10:52  Marine  
  136  10:53  SCV x2, Marine  
  136  10:54  SCV  
  141  10:57  Refinery  
  141  11:01  Missile Turret  
  141  11:03  Sensor Tower  
  141  11:05  Widow Mine x2, SCV x2  
  141  11:06  SCV  
  148  11:17  SCV, Siege Tank  
  148  11:18  SCV x2  
  154  11:30  SCV x3, Missile Turret  
  157  11:33  Widow Mine x2  
  161  11:42  Missile Turret x2  
  161  11:57  Viking  
  161  11:58  Viking  
  148  12:50  Marine x7  
  148  12:51  Marine x4  
  135  13:07  Marine  
  135  13:08  Marine x7  
  135  13:09  Marine x3  
  146  13:13  Widow Mine x2  
  150  13:25  Marine  
  150  13:26  Viking x2, Marine x9  
  150  13:27  Marine  
  164  13:28  Siege Tank  
  168  13:43  Marine  
  168  13:44  Marine x2  
  168  13:45  Marauder  
  138  15:05  Marine  
  138  15:06  Marine x6  
Tags
 
Add a new tag
Caveats
  • Supply blocks, unpowered buildings, or Contaminate may cause inaccurate times.
  • Supply counts are checked every 10 seconds.